 Dungeon Crawl Stone Soup version 0.20-a0-809-gaf7f668 (webtiles) character file.

10858 Gorglomux the Slicer (level 12, -6/88 HPs)
             Began as a Formicid Hunter on Mar 2, 2017.
             Was a Believer of Dithmenos.
             Mangled by Snorg (15 damage)
             ... on level 11 of the Dungeon.
             The game lasted 00:37:26 (10910 turns).

Gorglomux the Slicer (Formicid Hunter)             Turns: 10910, Time: 00:37:27

Health: -6/88      AC: 10    Str: 18    XL:     12   Next: 0%
Magic:  2/16       EV: 12    Int: 15    God:    Dithmenos [**....]
Gold:   391        SH:  0    Dex: 14    Spells: 11/17 levels left

rFire    . . .     SeeInvis +   y - +0 short sword (vamp)
rCold    . . .     Gourm    .   t - +3 leather armour
rNeg     . . .     Faith    .   (no shield)
rPois    .         Spirit   .   (helmet unavailable)
rElec    .         Reflect  .   u - +2 cloak
rCorr    .         Harm     .   Y - +0 pair of gloves
MR       +....                  (no boots)
Stlth    ++++++....             r - amulet of regeneration
Regen    0.7/turn               j - ring of wizardry
MPRegen  0.2/turn               D - +3 ring of intelligence

@: wreathed by umbra
A: permanent stasis, dig shafts and tunnels, four strong arms, antennae 3
a: Dig, Shaft Self, Shadow Step, Renounce Religion


You were on level 11 of the Dungeon.
You worshipped Dithmenos.
Dithmenos was pleased with you.
You were not hungry.

You visited 2 branches of the dungeon, and saw 14 of its levels.

You collected 637 gold pieces.
You spent 246 gold pieces at shops.

Inventory:

Hand Weapons
 a - a +5 short sword of draining
 b - a +1 hand crossbow
 q - a +0 blowgun
 v - a +0 short sword
 x - a +0 whip
 y - a +0 vampiric short sword (weapon)
Missiles
 d - 67 bolts
Armour
 c - a +0 leather armour
 g - a +0 pair of gloves
 t - a +3 leather armour (worn)
 u - a +2 cloak (worn)
 Y - a +0 pair of gloves (worn)
 Z - +0 fire dragon scales
Jewellery
 j - a ring of wizardry (right hand)
 r - an amulet of regeneration (around neck)
 D - a +3 ring of intelligence (left hand)
 S - an uncursed ring of ice
 U - an uncursed ring of positive energy
Wands
 A - a wand of acid (5/15)
 E - a wand of enslavement (3/24)
 G - a wand of paralysis (14/24)
 L - a wand of lightning (11/15)
 P - a wand of paralysis (15/24)
Scrolls
 w - 4 scrolls of recharging {unknown}
 B - a scroll of blinking
 C - 5 scrolls of remove curse
 J - a scroll of summoning {unknown}
 M - 2 scrolls of magic mapping
 R - a scroll of identify
 T - 2 scrolls of teleportation
 X - a scroll of fear {unknown}
Potions
 i - 3 potions of curing
 k - 2 potions of brilliance
 n - 2 potions of agility
 o - a potion of cancellation
 z - 2 potions of ambrosia
 F - a potion of resistance
 H - a potion of berserk rage {unknown}
 N - a potion of might {unknown}
 O - a potion of flight
 Q - a potion of lignification {unknown}
 W - a potion of mutation {unknown}
Books
 I - a book of Misfortune

   Spells                             Type                      Level
   a - Confusing Touch                Hexes                        1
   b - Confuse                        Hexes                        3
   c - Gell's Gravitas                Translocation                3
   d - Petrify                        Transmutation/Earth          4
   e - Metabolic Englaciation         Hexes/Ice                    5
   f - Yara's Violent Unravelling     Hexes/Transmutation          5
 K - a book of Cantrips

   Spells                             Type                      Level
   a - Confusing Touch                Hexes                        1
   b - Animate Skeleton               Necromancy                   1
   c - Summon Small Mammal            Summoning                    1
   d - Apportation                    Translocation                1
Comestibles
 f - 9 bread rations
 l - 3 royal jellies
 p - 5 fruits
 V - a meat ration


   Skills:
 - Level 6.0 Fighting
 - Level 12.0 Short Blades
 - Level 4.0 Crossbows
 - Level 1.7 Dodging
 + Level 11.4 Stealth
 - Level 3.1 Spellcasting
 + Level 8.6 Hexes
 + Level 2.5 Translocations


You had 11 spell levels left.
You knew the following spells:

 Your Spells              Type           Power        Failure   Level  Hunger
a - Gell's Gravitas       Tloc           ##........   12%         3    ###....
x - Confuse               Hex            ####....     1%          3    ###....


Dungeon Overview and Level Annotations

Branches:
Dungeon (13/15)            Temple (1/1) D:7            Lair (0/6) D:10
    Orc (0/2) D:10
 Vaults: D:13-14

Altars:
Ashenzari
Cheibriados
Dithmenos
Elyvilon
Fedhas
Gozag
Hepliaklqana
Kikubaaqudgha
Makhleb
Nemelex Xobeh
Okawaru
Qazlal
Ru
Sif Muna
Trog
Uskayaw
Vehumet
Wu Jian
Xom
Yredelemnul
Zin
The Shining One
Beogh

Shops:
D:5 (   D:8 *   D:11 *

Annotations:
D:10 exclusion: oklob plant
D:11 Snorg, Sonja


Innate Abilities, Weirdness & Mutations

You cannot be hasted, slowed, berserked, paralysed or teleported.
You can dig through walls and to a lower floor.
Your four strong arms can wield two-handed weapons with a shield.
You have a pair of large antennae on your head. (SInv)


Message History

Wield which item (- for none, * to show all)? (? for menu, Esc to quit)
Really wield
y - a vampiric short sword?
You feel a dreadful hunger.
y - a +0 vampiric short sword (weapon)
You puncture Snorg!
Snorg is lightly wounded.
Snorg goes berserk!
You hit Snorg.
You feel better.
Snorg is lightly wounded.
You barely miss Snorg.
Snorg is lightly wounded.
Snorg bites you!!
* * * LOW HITPOINT WARNING * * *
Snorg closely misses you. Snorg claws you but does no damage.
You hit Snorg.
You feel better.
Snorg is lightly wounded.
Snorg barely misses you. Snorg claws you!
* * * LOW HITPOINT WARNING * * *
Snorg claws you!
You die...

*,**#.#.#* *,* *,,,,,..#*,
*,* #.#.# *>* ******,..##
*,* #.#.# *,* **.... *,*
#.#.# *,* *,,#. *,* #.#.#
*,* **,#. *,* #.#.# *,*
*,#. *,* #.#.## *,#####***
*,#. #.###....###........#
*,#. #....<...T@.........#
*,#.
#####....####.......##**,#.
##...........$.....,,,,#.
##.##.######.......####,#.
##[###(# #..........,,#.
#.#.T..# #.......####*#.
###.##.### ****#.#**#..,#.
#......# #.# #.#*#.
#......# #.# #.# #.


You could see Snorg (berserk).

Vanquished Creatures
  Erolcha (D:10)
  4 two-headed ogres
  An unseen horror (D:9)
  A cyclops (D:11)
  A manticore (D:12)
  A gargoyle (D:10)
  2 trolls
  Prince Ribbit (D:7)
  Grinder (D:6)
  A hippogriff (D:9)
  A spriggan (D:8)
  A yak (D:12)
  2 basilisks (D:12)
  Duvessa (D:6)
  5 orc warriors
  A phantom (D:6)
  3 ice beasts
  A black bear (D:8)
  2 necrophages
  4 sky beasts
  4 ogres
  2 centaurs
  2 big kobolds
  2 bullfrogs
  A wyvern zombie (D:7)
  Dowan (D:6)
  2 scorpions (D:7)
  A wyvern skeleton (D:10)
  3 killer bees (D:7)
  7 howler monkeys
  5 crimson imps
  A bullfrog zombie (D:7)
  A quasit (D:9)
  9 orc priests
  5 hounds
  2 jellies
  8 orc wizards
  2 bullfrog skeletons
  4 worker ants
  3 iguanas
  Natasha (twice) (D:3)
  A hound zombie (D:5)
  A hound skeleton (D:4)
  Robin (D:3)
  13 adders
  3 shadow imps
  4 oozes
  An adder zombie (D:5)
  2 worms (D:3)
  5 leopard geckos
  57 orcs
  9 bats
  2 giant cockroaches
  13 goblins
  8 hobgoblins
  4 jackals
  13 kobolds
  3 quokkas
  4 frilled lizards
  A leopard gecko skeleton (D:7)
  8 rats
255 creatures vanquished.

Notes
Turn   | Place    | Note
-------+----------+-------------------------------------------
     0 | D:1      | Gorglomux the Formicid Hunter began the quest for the Orb.
     0 | D:1      | Reached XP level 1. HP: 16/16 MP: 1/1
   218 | D:1      | Reached XP level 2. HP: 23/23 MP: 2/2
   219 | D:1      | Reached skill level 3 in Fighting
   718 | D:1      | Reached XP level 3. HP: 28/30 MP: 3/3
   886 | D:2      | Reached XP level 4. HP: 36/38 MP: 4/4
   990 | D:2      | Found a blossoming altar of Fedhas.
  1829 | D:3      | Noticed Robin
  1835 | D:3      | Reached XP level 5. HP: 39/44 MP: 5/5
  1863 | D:3      | Killed Robin
  2009 | D:3      | Noticed Natasha
  2021 | D:3      | Killed Natasha
  2021 | D:3      | Reached skill level 6 in Fighting
  2329 | D:3      | Noticed Natasha
  2340 | D:3      | Killed Natasha
  2340 | D:3      | Reached XP level 6. HP: 50/52 MP: 6/6
  2422 | D:3      | Reached skill level 3 in Stealth
  2593 | D:4      | Noticed an ogre
  3336 | D:4      | Reached XP level 7. HP: 30/58 MP: 7/7
  3607 | D:4      | Reached skill level 6 in Stealth
  3672 | D:5      | Entered Level 5 of the Dungeon
  3674 | D:5      | Reached skill level 1 in Short Blades
  3824 | D:5      | Found Hiotuil's Antique Weapon Boutique.
  4005 | D:5      | Reached skill level 2 in Short Blades
  4025 | D:5      | Reached skill level 3 in Short Blades
  4259 | D:5      | Reached XP level 8. HP: 59/64 MP: 8/8
  4317 | D:5      | Reached skill level 4 in Short Blades
  4747 | D:6      | Noticed Grinder
  4788 | D:6      | Killed Grinder
  4788 | D:6      | Reached skill level 5 in Short Blades
  4888 | D:6      | Noticed Duvessa
  4944 | D:6      | Killed Duvessa
  4944 | D:6      | Reached skill level 6 in Short Blades
  5024 | D:6      | Noticed Dowan
  5027 | D:6      | Killed Dowan
  5040 | D:6      | Reached skill level 7 in Short Blades
  5107 | D:6      | Reached XP level 9. HP: 36/69 MP: 9/9
  5174 | D:5      | Bought a crude hand crossbow for 246 gold pieces
  5175 | D:5      | Identified the +6 hand crossbow of Callousness {flame, Dex+4} (You bought it in a shop on level 5 of the Dungeon)
  5233 | D:6      | Noticed Prince Ribbit
  5702 | D:6      | Reached skill level 8 in Short Blades
  6078 | D:7      | Reached skill level 9 in Short Blades
  6222 | D:7      | Killed Prince Ribbit
  6234 | D:7      | Reached skill level 10 in Short Blades
  6412 | D:7      | Reached XP level 10. HP: 75/75 MP: 10/10
  6510 | D:7      | Found a staircase to the Ecumenical Temple.
  6534 | Temple   | Entered the Ecumenical Temple
  6774 | Temple   | Became a worshipper of Dithmenos the Shadowed
  6865 | D:7      | Found a shimmering altar of Xom.
  6951 | D:7      | Found a radiant altar of Vehumet.
  7041 | D:7      | Learned a level 3 spell: Confuse
  7049 | D:7      | Reached skill level 11 in Short Blades
  7205 | D:8      | Found Plog's Elemental Accessories.
  7264 | D:8      | You fall through a shaft for 3 floors!
  7300 | D:11     | Found a shimmering altar of Xom.
  7336 | D:11     | Noticed a cyclops
  7370 | D:11     | Found Eueleuko's Eclectic Emporium.
  7374 | D:11     | Noticed Snorg
  7378 | D:11     | Found a frozen archway.
  7389 | D:11     | You fall through a shaft for 2 floors!
  7389 | D:13     | Noticed a centaur warrior
  7496 | D:12     | Noticed a manticore
  7528 | D:12     | Killed a manticore
  7614 | D:12     | Reached skill level 12 in Short Blades
  7640 | D:12     | Noticed a cyclops
  7837 | D:12     | Reached skill level 1 in Spellcasting
  7837 | D:12     | Reached skill level 1 in Hexes
  7929 | D:11     | Noticed a six-headed hydra
  8088 | D:11     | Noticed a two-headed ogre
  8093 | D:11     | Noticed Sonja
  8317 | D:11     | Reached * piety under Dithmenos
  8403 | D:11     | Killed a cyclops
  8403 | D:11     | Reached skill level 3 in Hexes
  8467 | D:10     | Entered Level 10 of the Dungeon
  8512 | D:10     | Noticed an oklob plant
  8515 | D:10     | Found a staircase to the Lair.
  8623 | D:10     | Noticed a gargoyle
  8658 | D:10     | Killed a gargoyle
  8658 | D:10     | Reached skill level 3 in Spellcasting
  8707 | D:10     | Noticed Erolcha
  8715 | D:10     | Killed Erolcha
  8715 | D:10     | Reached XP level 11. HP: 81/81 MP: 15/15
  8734 | D:10     | Noticed a two-headed ogre
  8745 | D:10     | Killed a two-headed ogre
  8745 | D:10     | Reached skill level 9 in Stealth
  8745 | D:10     | Reached skill level 6 in Hexes
  9164 | D:8      | Noticed a two-headed ogre
  9286 | D:8      | Killed a two-headed ogre
  9605 | D:9      | Noticed an unseen horror
  9666 | D:9      | Killed an unseen horror
 10110 | D:10     | Learned a level 3 spell: Gell's Gravitas
 10139 | D:10     | Found a roughly hewn altar of Beogh.
 10139 | D:10     | Found a staircase to the Orcish Mines.
 10405 | D:10     | Reached ** piety under Dithmenos
 10426 | D:10     | Reached skill level 1 in Translocations
 10548 | D:10     | Noticed a two-headed ogre
 10577 | D:10     | Killed a two-headed ogre
 10737 | D:10     | Noticed a two-headed ogre
 10751 | D:10     | Killed a two-headed ogre
 10751 | D:10     | Reached XP level 12. HP: 46/88 MP: 16/16
 10910 | D:11     | Mangled by Snorg

Vault maps used:
D:1:      sevenhm_arrival_forest_fort_large_4, serial_park_tiny_pond
D:2:      fedhas_altar_3
D:3:      uniq_natasha, uniq_robin
D:4:      first_bread
D:5:      serial_shops, shop
D:6:      uniq_grinder, uniq_prince_ribbit1, uniq_duvessa
D:7:      kennysheep_mini, minmay_temple_entry_purple_smoke, basic_altar
D:8:      the_bakery, nicolae_elemental_shop
D:10:     dpeg_oklobed_lair, david_orc_5, corexii_leaking_fountain, uniq_erolcha
D:11:     minmay_quarter_circles, basic_altar, portal_ice_cave_entry_pillars_1,
          nicolae_alphabet_shops, hangedman_incinerator, uniq_sonja, uniq_snorg
D:12:     minmay_misc_feat_tiny
Temple:   nicolae_temple_the_god_donut

Skill      XL: |  1  2  3  4  5  6  7  8  9 10 11 |
---------------+----------------------------------+-----
Fighting       | 3 4 5 6 |  6.0
Stealth        | 2 5 6 8 11 | 11.4
Short Blades   | 3 7 10 12 | 12.0
Spellcasting   | 3 |  3.1
Hexes          | 5 8 |  8.6
Translocations | 2 |  2.5
Crossbows      | |  4.0
Dodging        | |  1.7

Action                   |  1- 3 |  4- 6 |  7- 9 | 10-12 || total
-------------------------+-------+-------+-------+-------++-------
Melee: Short sword       |    82 |   242 |   414 |   494 ||  1232
       Whip              |     1 |       |       |       ||     1
 Fire: Hand crossbow     |     2 |       |    34 |     9 ||    45
 Cast: Confuse           |       |       |       |    19 ||    19
 Abil: Dig               |       |     3 |     8 |    11 ||    22
       Shaft Self        |       |       |       |     1 ||     1
  Use: Scroll            |       |     5 |     2 |    16 ||    23
       Potion            |       |       |       |     1 ||     1
 Stab: Sleeping          |       |     3 |     6 |    10 ||    19
       Distracted        |       |       |     1 |       ||     1
       Confused          |       |       |       |     9 ||     9
  Eat: Chunk             |       |     8 |    11 |    15 ||    34
       Fruit             |       |       |     1 |       ||     1
       Royal jelly       |       |       |       |     1 ||     1
       Meat ration       |       |       |       |     1 ||     1
Armor: Leather armour    |    38 |    64 |    88 |   100 ||   290
Dodge: Dodged            |    73 |   132 |   175 |   189 ||   569
